Map: Cyber Forest LE

Players

Neeb - Winner!

  • Race: Protoss Protoss
  • League: Grandmaster
  • Spawn Location: 5:00

JimRising

  • Race: Zerg Zerg
  • League: Grandmaster
  • Spawn Location: 11:00

Event: 2019 WCS Winter Americas

VOD

Have the link to the VOD?

Description

Time

  • Played on: Feb. 3, 2019, 12:34 p.m.
  • Length: 8:21

All games in this series

Show
View Real Time Build Order
Export as new Build Order

Neeb Protoss - Winner!

Build Orders: 1 Gate Expand, Oracle Opening, Zealot Archon 

Get SALT Encoding   

  12  0:00  Probe  
  13  0:12  Probe  
  14  0:17  Pylon  
  14  0:24  Probe  
  15  0:30  Assimilator  
  15  0:34  Probe  
  16  0:43  Probe  
  16  0:44  Gateway  
  17  0:53  Probe  
  18  1:05  Probe  
  19  1:17  Probe  
  20  1:24  Nexus  
  20  1:34  Cybernetics Core  
  20  1:36  Probe  
  21  1:42  Assimilator  
  21  1:48  Probe  
  21  1:52  Pylon  
  22  1:58  Probe  
  22  2:00  Adept  
  23  2:06  Probe  
  23  2:10  Warp Gate  
  23  2:15  Probe  
  26  2:22  Stargate  
  27  2:27  Probe  
  28  2:32  Pylon  
  28  2:35  Probe  
  28  2:36  Adept  
  30  2:39  Probe  
  30  2:43  Probe  
  34  2:51  Probe  
  34  2:52  Probe  
  35  3:03  Probe  
  35  3:04  Oracle  
  36  3:07  Gateway  
  36  3:08  Gateway  
  39  3:14  Probe  
  39  3:17  Adept  
  42  3:20  Probe  
  42  3:25  Pylon  
  43  3:27  Probe  
  43  3:32  Probe  
  43  3:33  Oracle  
  45  3:35  Pylon  
  45  3:40  Probe  
  46  3:44  Probe  
  50  3:51  Pylon  
  50  3:52  Probe  
  51  3:56  Probe  
  51  4:01  Adept x2  
  51  4:02  Adept  
  58  4:04  Probe  
  59  4:11  Assimilator  
  59  4:14  Assimilator  
  59  4:18  Phoenix  
  59  4:20  Pylon  
  59  4:24  Adept x2  
  65  4:27  Adept  
  65  4:29  Probe  
  68  4:32  Probe  
  69  4:43  Probe  
  70  4:53  Robotics Facility  
  70  5:01  Probe x2  
  70  5:02  Twilight Council  
  66  5:13  Probe  
  61  5:18  Probe  
  61  5:20  Zealot x2, Sentry  
  68  5:22  Nexus  
  68  5:23  Pylon  
  68  5:24  Pylon  
  68  5:26  Probe  
  69  5:30  Probe  
  69  5:32  Immortal  
  69  5:33  Charge  
  70  5:38  Probe  
  70  5:42  Probe  
  76  5:45  Templar Archives  
  76  5:50  Probe  
  76  5:52  Zealot x3  
  83  5:58  Gateway  
  83  6:01  Gateway  
  83  6:06  Gateway  
  83  6:11  Gateway  
  83  6:14  Observer  
  83  6:17  Gateway  
  84  6:21  Gateway  
  84  6:24  Warp Prism  
  84  6:33  Zealot, High Templar x2  
  84  6:37  Archon  
  92  6:44  Pylon  
  92  6:46  Pylon  
  92  6:54  Forge  
  92  7:05  Zealot x7  
  106  7:24  Zealot x2, Pylon  
  106  7:26  Zealot x2  
  113  7:30  High Templar x2  
  113  7:31  High Templar x2  
  113  7:32  Zealot  
  113  7:35  Archon  
  113  7:36  Archon  
  121  7:47  Zealot, High Templar x2  
  121  7:49  Probe  
  121  7:50  Probe  
  121  7:51  Zealot, Probe  
  129  7:53  Zealot, Archon  
  130  8:01  Probe  
  130  8:05  Probe  
  107  8:13  Zealot x7  
Show
View Real Time Build Order
Export as new Build Order

JimRising Zerg 

Build Orders: Hatch First 

Get SALT Encoding   

  12  0:00  Drone  
  13  0:13  Overlord  
  13  0:18  Drone  
  14  0:32  Drone x2  
  16  0:37  Drone  
  17  0:52  Hatchery  
  17  0:55  Drone  
  17  0:59  Extractor  
  16  1:05  Drone  
  17  1:15  Spawning Pool  
  17  1:18  Drone  
  17  1:20  Drone  
  18  1:29  Drone  
  19  1:39  Overlord  
  19  1:50  Drone  
  20  2:02  Queen  
  20  2:03  Zergling x2  
  20  2:05  Queen  
  20  2:06  Drone  
  26  2:13  Drone  
  27  2:18  Drone  
  28  2:24  Drone  
  28  2:29  Drone  
  30  2:37  Pneumatized Carapace  
  30  2:40  Hatchery  
  30  2:43  Zergling x4  
  31  2:48  Overlord  
  31  2:51  Drone  
  32  2:59  Metabolic Boost  
  32  3:02  Drone  
  32  3:03  Drone  
  33  3:11  Drone x4  
  33  3:12  Drone  
  38  3:15  Drone  
  39  3:21  Overlord  
  39  3:26  Queen  
  41  3:31  Drone  
  41  3:32  Spore Crawler  
  41  3:36  Spore Crawler, Drone  
  41  3:37  Drone  
  42  3:45  Drone  
  43  3:49  Drone  
  43  3:50  Drone x3  
  43  3:52  Queen  
  49  4:01  Drone x3  
  49  4:02  Spore Crawler  
  51  4:12  Overlord x2  
  51  4:13  Drone x3  
  51  4:15  Drone x2  
  56  4:25  Zergling x4  
  56  4:30  Queen  
  59  4:37  Zergling x10  
  57  4:40  Zergling x2  
  52  4:46  Zergling x4  
  52  4:52  Zergling x6  
  55  5:02  Queen, Zergling x10  
  56  5:13  Drone  
  56  5:14  Drone x2  
  57  5:20  Drone  
  57  5:21  Evolution Chamber  
  57  5:22  Drone  
  58  5:29  Drone  
  58  5:30  Queen  
  58  5:33  Drone x2  
  62  5:43  Overlord  
  62  5:44  Drone x2  
  64  5:51  Lair, Drone x2  
  64  5:52  Overlord x2  
  66  5:57  Overlord  
  66  5:58  Baneling Nest  
  65  6:04  Hatchery  
  65  6:07  Zergling x10  
  69  6:15  Drone  
  69  6:16  Drone x2  
  69  6:17  Extractor  
  71  6:20  Drone x3  
  71  6:23  Drone  
  71  6:24  Extractor, Drone x3  
  76  6:27  Zergling x6  
  79  6:34  Zergling x4  
  79  6:38  Queen  
  83  6:41  Drone  
  83  6:42  Extractor  
  83  6:43  Extractor  
  82  6:48  Drone x3  
  85  6:55  Drone  
  85  6:56  Drone x3, Spire  
  85  6:58  Zergling x4  
  85  7:00  Baneling x5  
  90  7:02  Zergling x2  
  90  7:03  Zergling x4  
  90  7:04  Queen  
  90  7:05  Zergling x4  
  97  7:11  Overlord  
  97  7:13  Overlord x2  
  97  7:14  Extractor  
  96  7:17  Overlord  
  96  7:19  Baneling x3  
  96  7:23  Zergling x4  
  96  7:24  Zergling x6  
  100  7:34  Zergling x8  
  103  7:40  Overlord, Zergling x2  
  103  7:46  Overlord  
  99  8:00  Zergling x2  
  99  8:01  Zergling x4  
Tags
 
Add a new tag
Caveats
  • Supply blocks, unpowered buildings, or Contaminate may cause inaccurate times.
  • Supply counts are checked every 10 seconds.